| TOP OF THE 1ST |
|
Seattle Pilots batting - Pitching for Colorado Rockies : RHP Jason Schmidt
|
|
Pitching: RHP Jason Schmidt
|
|
|
Batting: SHB Bill R Mueller
|
0-0: Ball 1-0: Called Strike 1-1: Foul Ball, location: 2F 1-2: DOUBLE (Line Drive, 78M, EV 102.5 MPH)
|
|
Batting: RHB Edgar Martinez
|
0-0: Ball 1-0: Swinging Strike 1-1: Swinging Strike 1-2: Strikes out swinging
|
|
Batting: LHB Ken Griffey Jr.
|
0-0: Ball 1-0: Ball 2-0: Ball 3-0: Called Strike 3-1: Base on Balls
|
|
Batting: RHB Dante Bichette
|
0-0: Fly out, F9 (Flyball, 9LS, EV 85.0 MPH)
|
|
Batting: RHB Francisco Cabrera
|
0-0: Ball 1-0: Foul Ball, location: 2F 1-1: Ball 2-1: Ground out U3 (Groundball, 34, EV 85.6 MPH)
|
| Top of the 1st over - 0 runs, 1 hit, 0 errors, 2 left on base; Seattle 0 - Colorado 0 |
| BOTTOM OF THE 1ST |
|
Colorado Rockies batting - Pitching for Seattle Pilots : LHP Randy Johnson
|
|
Pitching: LHP Randy Johnson
|
|
|
Batting: LHB Todd Helton
|
0-0: Ball 1-0: Ball 2-0: SINGLE (Flyball, 78M, EV 94.4 MPH)
|
|
Batting: RHB Juan Gonzalez
|
0-0: Called Strike 0-1: Swinging Strike 0-2: Ball 1-2: Strikes out swinging
|
|
Batting: RHB Damion Easley
|
0-0: Ball 1-0: Ball 2-0: Swinging Strike 2-1: Called Strike 2-2: Strikes out swinging
|
|
Batting: RHB Glenn Davis
|
0-0: Called Strike 0-1: Ball 1-1: Swinging Strike 1-2: Ball 2-2: Ball 3-2: Foul Ball, location: 2F 3-2: Foul Ball, location: 2F 3-2: Fly out, F9 (Flyball, 89D, EV 72.5 MPH)
|
| Bottom of the 1st over - 0 runs, 1 hit, 0 errors, 1 left on base; Seattle 0 - Colorado 0 |
| TOP OF THE 2ND |
|
Seattle Pilots batting - Pitching for Colorado Rockies : RHP Jason Schmidt
|
|
Batting: RHB Jermaine Dye
|
0-0: Ball 1-0: Called Strike 1-1: Called Strike 1-2: Hit by Pitch
|
|
Batting: LHB J.T. Snow
|
0-0: Ball 1-0: Ball 2-0: Ball 3-0: Called Strike 3-1: Foul Ball, location: 2F 3-2: Foul Ball, location: 2F 3-2: Foul Ball, location: 2F 3-2: Foul Ball, location: 2F 3-2: Base on Balls Jermaine Dye to second
|
|
Batting: RHB Aaron Ledesma
|
0-0: Grounds into double play, 5-4-3 (Groundball, 56, EV 87.5 MPH) Jermaine Dye to third
|
|
Batting: SHB Mark McLemore
|
0-0: Called Strike 0-1: Ground out 4-3 (Groundball, 4M, EV 104.4 MPH)
|
| Top of the 2nd over - 0 runs, 0 hits, 0 errors, 1 left on base; Seattle 0 - Colorado 0 |
| BOTTOM OF THE 2ND |
|
Colorado Rockies batting - Pitching for Seattle Pilots : LHP Randy Johnson
|
|
Batting: SHB Dmitri Young
|
0-0: Ball 1-0: Swinging Strike 1-1: Ball 2-1: Foul Ball, location: 2F 2-2: Strikes out swinging
|
|
Batting: RHB Steve Gibralter
|
0-0: Swinging Strike 0-1: Ground out 5-3 (Groundball, 56, EV 101.9 MPH)
|
|
Batting: RHB Todd Pratt
|
0-0: Called Strike 0-1: Swinging Strike 0-2: Ball 1-2: Strikes out swinging
|
| Bottom of the 2nd over - 0 runs, 0 hits, 0 errors, 0 left on base; Seattle 0 - Colorado 0 |
| TOP OF THE 3RD |
|
Seattle Pilots batting - Pitching for Colorado Rockies : RHP Jason Schmidt
|
|
Pitching: RHP John E. Farrell
|
|
|
Batting: SHB Bill R Mueller
|
0-0: Called Strike 0-1: Ball 1-1: SINGLE (Groundball, 5L, EV 94.4 MPH)
|
|
Batting: RHB Edgar Martinez
|
0-0: Ball 1-0: Called Strike 1-1: Foul Ball, location: 2F 1-2: DOUBLE (Flyball, 89XD, EV 103.1 MPH) Bill R Mueller to third
|
|
Batting: LHB Ken Griffey Jr.
|
0-0: Ground out 4-3 (Groundball, 4, EV 88.1 MPH) Bill R Mueller scores Edgar Martinez to third
|
|
Batting: RHB Dante Bichette
|
0-0: Called Strike 0-1: Fly out, F4 (Popup, 4M, EV 61.9 MPH)
|
|
Batting: RHB Francisco Cabrera
|
0-0: SINGLE (Groundball, 34D, EV 109.4 MPH) Edgar Martinez scores
|
|
Batting: RHB Jermaine Dye
|
0-0: Ball 1-0: Called Strike 1-1: Foul Ball, location: 2F 1-2: Ball 2-2: Ball 3-2: Base on Balls Francisco Cabrera to second
|
|
Batting: LHB J.T. Snow
|
0-0: Ball 1-0: Ball 2-0: Ball 3-0: Called Strike 3-1: Called Strike 3-2: Fly out, F7 (Flyball, 7D, EV 86.3 MPH)
|
| Top of the 3rd over - 2 runs, 3 hits, 0 errors, 2 left on base; Seattle 2 - Colorado 0 |
| BOTTOM OF THE 3RD |
|
Colorado Rockies batting - Pitching for Seattle Pilots : LHP Randy Johnson
|
|
Batting: LHB Keith Lockhart
|
0-0: Called Strike 0-1: Foul Ball, location: 2F 0-2: Ball 1-2: Ball 2-2: Ball 3-2: Base on Balls
|
|
Batting: LHB Chip Hale
|
0-0: Called Strike 0-1: Ball 1-1: Fielders Choice at 2nd, 4-6 (Groundball, 4, EV 75.6 MPH)
|
|
Batting: LHB Todd Helton
|
0-0: SINGLE (Groundball, 4D, EV 103.1 MPH) Chip Hale to second Runner from 2nd tries for 3rd, SAFE, no throw by RF
|
|
Batting: RHB Juan Gonzalez
|
0-0: Called Strike 0-1: SINGLE (Groundball, 3D, EV 107.5 MPH) Chip Hale scores Todd Helton to second Runner from 2nd tries for 3rd, SAFE, throw by RF made to third
|
|
Batting: RHB Damion Easley
|
0-0: Called Strike 0-1: Fly out, F9 (Flyball, 89M, EV 85.6 MPH) Runner from 3rd tags up, OUT at HOME! 9-2
|
| Bottom of the 3rd over - 1 run, 2 hits, 0 errors, 1 left on base; Seattle 2 - Colorado 1 |
| TOP OF THE 4TH |
|
Seattle Pilots batting - Pitching for Colorado Rockies : RHP John E. Farrell
|
|
Batting: RHB Aaron Ledesma
|
0-0: Called Strike 0-1: SINGLE (Flyball, 9LM, EV 107.5 MPH)
|
|
Batting: SHB Mark McLemore
|
0-0: Bunt missed! 0-1: Ball 1-1: Ball 2-1: Bunt missed! 2-2: SINGLE (Groundball, 34D, EV 95.0 MPH) Aaron Ledesma to second Runner from 2nd tries for 3rd, SAFE, throw by RF made to third
|
|
Batting: SHB Bill R Mueller
|
0-0: Ball 1-0: Called Strike 1-1: Ball 2-1: Foul Ball, location: 2F 2-2: Foul Ball, location: 2F 2-2: Foul Ball, location: 2F 2-2: Fly out, F8 (Flyball, 89D, EV 96.9 MPH) Runner from 3rd tags up, SCORES, throw by CF
|
|
Batting: RHB Edgar Martinez
|
0-0: Grounds into double play, 4-6-3 (Groundball, 4M, EV 85.0 MPH)
|
| Top of the 4th over - 1 run, 2 hits, 0 errors, 0 left on base; Seattle 3 - Colorado 1 |
| BOTTOM OF THE 4TH |
|
Colorado Rockies batting - Pitching for Seattle Pilots : LHP Randy Johnson
|
|
Batting: RHB Glenn Davis
|
0-0: Called Strike 0-1: Ball 1-1: Foul Ball, location: 2F 1-2: Foul Ball, location: 2F 1-2: SOLO HOME RUN (Flyball, 78XD, EV 105.6 MPH), Distance : 403 ft
|
|
Batting: SHB Dmitri Young
|
0-0: Fly out, F7 (Flyball, 7D, EV 90.0 MPH)
|
|
Batting: RHB Steve Gibralter
|
0-0: Ball 1-0: SINGLE (Groundball, 6MD, EV 104.4 MPH)
|
|
Batting: RHB Todd Pratt
|
0-0: Ball 1-0: Foul Ball, location: 2F 1-1: Foul Ball, location: 2F 1-2: Strikes out looking
|
|
Batting: LHB Keith Lockhart
|
0-0: Ball 1-0: Swinging Strike 1-1: Ball 2-1: Ball 3-1: Foul Ball, location: 2F 3-2: Foul Ball, location: 2F 3-2: SINGLE (Line Drive, 9S, EV 109.4 MPH) Steve Gibralter to second Steve Gibralter to third
|
|
Batting: LHB Chip Hale
|
0-0: Called Strike 0-1: Ball 1-1: Ball 2-1: Foul Ball, location: 2F 2-2: Strikes out swinging
|
| Bottom of the 4th over - 1 run, 3 hits, 0 errors, 2 left on base; Seattle 3 - Colorado 2 |
| TOP OF THE 5TH |
|
Seattle Pilots batting - Pitching for Colorado Rockies : RHP John E. Farrell
|
|
Batting: LHB Ken Griffey Jr.
|
0-0: Ball 1-0: Ball 2-0: Ball 3-0: Base on Balls
|
|
Batting: RHB Dante Bichette
|
0-0: Ball Ken Griffey Jr. is caught stealing 2nd base 2-4 1-0: Ball 2-0: Foul Ball, location: 2F 2-1: Ball 3-1: Fly out, F3 (Popup, 3SF, EV 85.6 MPH)
|
|
Batting: RHB Francisco Cabrera
|
0-0: Ball 1-0: Fly out, F8 (Flyball, 8RS, EV 90.6 MPH)
|
| Top of the 5th over - 0 runs, 0 hits, 0 errors, 0 left on base; Seattle 3 - Colorado 2 |
| BOTTOM OF THE 5TH |
|
Colorado Rockies batting - Pitching for Seattle Pilots : LHP Randy Johnson
|
|
Batting: LHB Todd Helton
|
0-0: Fly out, F8 (Flyball, 8LM, EV 75.6 MPH)
|
|
Batting: RHB Juan Gonzalez
|
0-0: Fly out, F5 (Line Drive, 5, EV 68.1 MPH)
|
|
Batting: RHB Damion Easley
|
0-0: Called Strike 0-1: Ball 1-1: Foul Ball, location: 2F 1-2: Ball 2-2: Strikes out swinging
|
| Bottom of the 5th over - 0 runs, 0 hits, 0 errors, 0 left on base; Seattle 3 - Colorado 2 |
| TOP OF THE 6TH |
|
Seattle Pilots batting - Pitching for Colorado Rockies : RHP John E. Farrell
|
|
Pitching: RHP Mike Timlin
|
|
|
Batting: RHB Jermaine Dye
|
0-0: Ball 1-0: Ball 2-0: Called Strike 2-1: Ball 3-1: Foul Ball, location: 2F 3-2: Strikes out swinging
|
|
Batting: LHB J.T. Snow
|
0-0: Swinging Strike 0-1: Swinging Strike 0-2: Foul Ball, location: 2F 0-2: Strikes out swinging
|
|
Batting: RHB Aaron Ledesma
|
0-0: Called Strike 0-1: Called Strike 0-2: Ball 1-2: Ball 2-2: Strikes out swinging
|
| Top of the 6th over - 0 runs, 0 hits, 0 errors, 0 left on base; Seattle 3 - Colorado 2 |
| BOTTOM OF THE 6TH |
|
Colorado Rockies batting - Pitching for Seattle Pilots : LHP Randy Johnson
|
|
Batting: RHB Glenn Davis
|
0-0: Ball 1-0: Swinging Strike 1-1: Ball 2-1: Swinging Strike 2-2: Strikes out swinging
|
|
Batting: SHB Dmitri Young
|
0-0: Foul Ball, location: 2F 0-1: Ball 1-1: Ball 2-1: Ground out 1-3 (Groundball, 13, EV 90.0 MPH)
|
|
Batting: RHB Steve Gibralter
|
0-0: Swinging Strike 0-1: Ground out 6-3 (Groundball, 56, EV 83.8 MPH)
|
| Bottom of the 6th over - 0 runs, 0 hits, 0 errors, 0 left on base; Seattle 3 - Colorado 2 |
| TOP OF THE 7TH |
|
Seattle Pilots batting - Pitching for Colorado Rockies : RHP Mike Timlin
|
|
Batting: SHB Mark McLemore
|
0-0: Ball 1-0: Swinging Strike 1-1: Foul Ball, location: 2F 1-2: Ball 2-2: Strikes out looking
|
|
Batting: SHB Bill R Mueller
|
0-0: Ball 1-0: Ball 2-0: Ground out 5-3 (Groundball, 56, EV 81.9 MPH)
|
|
Batting: RHB Edgar Martinez
|
0-0: Called Strike 0-1: Swinging Strike 0-2: Strikes out swinging
|
| Top of the 7th over - 0 runs, 0 hits, 0 errors, 0 left on base; Seattle 3 - Colorado 2 |
| BOTTOM OF THE 7TH |
|
Colorado Rockies batting - Pitching for Seattle Pilots : LHP Randy Johnson
|
|
Batting: RHB Todd Pratt
|
0-0: Called Strike 0-1: Ball 1-1: Ball 2-1: Ball 3-1: Foul Ball, location: 2F 3-2: Foul Ball, location: 2F 3-2: Base on Balls
|
|
Batting: LHB Keith Lockhart
|
0-0: Ball 1-0: Called Strike 1-1: Foul Ball, location: 2F 1-2: Strikes out swinging
|
|
Batting: LHB Chip Hale
|
0-0: Called Strike 0-1: Ball 1-1: Ball 2-1: Called Strike 2-2: Strikes out swinging
|
|
Batting: LHB Todd Helton
|
0-0: SINGLE (Groundball, 34, EV 96.3 MPH) Todd Pratt to second Runner from 2nd tries for 3rd, OUT! 9-5
|
| Bottom of the 7th over - 0 runs, 1 hit, 0 errors, 1 left on base; Seattle 3 - Colorado 2 |
| TOP OF THE 8TH |
|
Seattle Pilots batting - Pitching for Colorado Rockies : RHP Mike Timlin
|
|
Batting: LHB Ken Griffey Jr.
|
0-0: Called Strike 0-1: Swinging Strike 0-2: Ball 1-2: SOLO HOME RUN (Flyball, 89XD, EV 97.5 MPH), Distance : 424 ft
|
|
Batting: RHB Dante Bichette
|
0-0: Called Strike 0-1: Swinging Strike 0-2: SOLO HOME RUN (Flyball, 78XD, EV 100.6 MPH), Distance : 413 ft
|
|
Batting: RHB Francisco Cabrera
|
0-0: Called Strike 0-1: Ball 1-1: Ball 2-1: Ball 3-1: Foul Ball, location: 2F 3-2: SINGLE (Groundball, 4MD, EV 105.6 MPH)
|
|
Pitching: LHP Jason Christiansen
|
|
|
Batting: RHB Jermaine Dye
|
0-0: Hit by Pitch Francisco Cabrera to second
|
|
Batting: LHB J.T. Snow
|
0-0: Sac Bunt to 25 - play at first, batter OUT! 5-3 Francisco Cabrera to third Jermaine Dye to second
|
|
Batting: RHB Aaron Ledesma
|
0-0: Ball 1-0: Reached on error, E6 (Groundball, 6S, EV 84.4 MPH) Francisco Cabrera scores Jermaine Dye to third
|
|
Batting: SHB Mark McLemore
|
Pickoff Throw to First - Error! E1 Jermaine Dye scores Aaron Ledesma to second 0-0: Ball 1-0: Foul Ball, location: 2F 1-1: Foul Ball, location: 2F 1-2: Ground out 6-3 (Groundball, 6, EV 108.1 MPH)
|
|
Batting: SHB Bill R Mueller
|
0-0: Ball 1-0: Called Strike 1-1: Called Strike 1-2: Ball 2-2: Strikes out looking
|
| Top of the 8th over - 4 runs, 3 hits, 2 errors, 1 left on base; Seattle 7 - Colorado 2 |
| BOTTOM OF THE 8TH |
|
Colorado Rockies batting - Pitching for Seattle Pilots : LHP Randy Johnson
|
|
Batting: RHB Juan Gonzalez
|
0-0: Ball 1-0: Ball 2-0: Ball 3-0: Called Strike 3-1: Foul Ball, location: 2F 3-2: Strikes out looking
|
|
Batting: RHB Damion Easley
|
0-0: Called Strike 0-1: Ball 1-1: Foul Ball, location: 2F 1-2: Fly out, F4 (Line Drive, 4, EV 68.1 MPH)
|
|
Batting: RHB Glenn Davis
|
0-0: Ball 1-0: Ball 2-0: Called Strike 2-1: Ball 3-1: Base on Balls
|
|
Batting: SHB Dmitri Young
|
0-0: Called Strike 0-1: Ball 1-1: Swinging Strike 1-2: Strikes out swinging
|
| Bottom of the 8th over - 0 runs, 0 hits, 0 errors, 1 left on base; Seattle 7 - Colorado 2 |
| TOP OF THE 9TH |
|
Seattle Pilots batting - Pitching for Colorado Rockies : LHP Jason Christiansen
|
|
Batting: RHB Edgar Martinez
|
0-0: Ball 1-0: Ball 2-0: Swinging Strike 2-1: Swinging Strike 2-2: Strikes out swinging
|
|
Batting: LHB Ken Griffey Jr.
|
0-0: Ball 1-0: Foul Ball, location: 2F 1-1: Fly out, F7 (Flyball, 78M, EV 87.5 MPH)
|
|
Batting: RHB Dante Bichette
|
0-0: DOUBLE (Flyball, 8RXD, EV 106.3 MPH) - OUT at third base trying to stretch hit.
|
| Top of the 9th over - 0 runs, 1 hit, 0 errors, 0 left on base; Seattle 7 - Colorado 2 |
| BOTTOM OF THE 9TH |
|
Colorado Rockies batting - Pitching for Seattle Pilots : LHP Randy Johnson
|
|
Batting: RHB Steve Gibralter
|
0-0: Called Strike 0-1: Called Strike 0-2: Ball 1-2: Fly out, F7 (Line Drive, 7D, EV 85.6 MPH)
|
|
Batting: RHB Todd Pratt
|
0-0: Ball 1-0: Ball 2-0: Ball 3-0: Base on Balls
|
|
Pitching: RHP Francisco Oliveras
|
|
|
Batting: LHB Keith Lockhart
|
0-0: Ball 1-0: Fielders Choice at 2nd, 4-6 (Groundball, 4, EV 83.8 MPH)
|
|
Batting: LHB Chip Hale
|
0-0: Ball 1-0: Called Strike 1-1: Ball 2-1: Foul Ball, location: 2F 2-2: Ground out 4-3 (Groundball, 4, EV 85.6 MPH)
|
| Bottom of the 9th over - 0 runs, 0 hits, 0 errors, 1 left on base; Seattle 7 - Colorado 2 |
|